 Dungeon Crawl Stone Soup version 0.20.0-15-g7f486f2 (webtiles) character file.

105 anfisbena the Poker (level 4, -7/35 HPs)
             Began as a Demonspawn Abyssal Knight on June 15, 2017.
             Was a Follower of Lugonu.
             Mangled by a gnoll
             ... wielding a +0 halberd
              (10 damage)
             ... on level 3 of the Dungeon.
             The game lasted 00:02:40 (2826 turns).

anfisbena the Poker (Demonspawn Abyssal Knight)     Turns: 2826, Time: 00:02:41

Health: -7/35      AC:  5    Str: 13    XL:     4   Next: 53%
Magic:  5/5        EV:  8    Int: 13    God:    Lugonu [*.....]
Gold:   142        SH:  7    Dex: 13    Spells: 3/3 levels left

rFire    . . .     SeeInvis .   a - +1 spear
rCold    . . .     Gourm    .   v - +0 shield
rNeg     . . .     Faith    .   b - +0 leather armour
rPois    .         Spirit   .   (helmet restricted)
rElec    .         Reflect  .   (no cloak)
rCorr    .         Harm     .   (no gloves)
MR       .....                  (no boots)
Stlth    +.........             (no amulet)
Regen    0.2/turn               j - ring of flight
MPRegen  0.1/turn               (no ring)

@: no status effects
A: antennae 1, icy blue scales 1
a: Depart the Abyss, Renounce Religion, Evoke Flight


You were on level 3 of the Dungeon.
You worshipped Lugonu.
Lugonu was aware of your devotion.
You were not hungry.

You visited 1 branch of the dungeon, and saw 3 of its levels.
You visited the Abyss 1 time.

You collected 142 gold pieces.

Inventory:

Hand Weapons
 a - a +1 spear (weapon)
Armour
 b - a +0 leather armour (worn)
 v - a +0 shield (worn)
Jewellery
 j - a ring of flight (left hand)
Scrolls
 d - a scroll of teleportation {unknown}
 e - 2 scrolls of enchant armour {unknown}
 g - 2 scrolls of fear {unknown}
 h - 2 scrolls of immolation {unknown}
 k - 4 scrolls of amnesia {unknown}
 l - a scroll of remove curse {unknown}
 n - 2 scrolls of identify {unknown}
 p - 2 scrolls of enchant weapon {unknown}
 t - a scroll of recharging {unknown}
Potions
 i - a potion of curing {unknown}
 o - a potion of brilliance {unknown}
 q - a potion of heal wounds {unknown}
 r - a potion of flight {unknown}
 u - a potion of mutation {unknown}
Comestibles
 c - 2 bread rations
 f - a meat ration
 m - 2 royal jellies
 s - a fruit


   Skills:
 - Level 3.0 Fighting
 + Level 4.3 Polearms
 - Level 1.7 Armour
 - Level 0.8 Dodging
 - Level 2.4 Invocations


You had 3 spell levels left.
You didn't know any spells.

Dungeon Overview and Level Annotations

Branches:
Dungeon (3/15)

Altars:
Nemelex Xobeh
Xom


Innate Abilities, Weirdness & Mutations

You have a pair of small antennae on your head.
You are partially covered in icy blue scales. (AC +2)


Message History

The gnoll is almost dead.
The gnoll barely misses you.
You closely miss the gnoll.
The gnoll is almost dead.
The gnoll hits you with a spear.
* * * LOW HITPOINT WARNING * * *
You barely miss the gnoll.
The gnoll is almost dead.
The gnoll completely misses you.
You closely miss the gnoll.
The gnoll is almost dead.
The gnoll hits you with a spear.
* * * LOW HITPOINT WARNING * * *
You hit the gnoll.
You kill the gnoll!
Lugonu accepts your kill.
The gnoll shouts!
There is a stone staircase leading up here.
The gnoll hits you from afar with a halberd!
You die...

#.. #.#
#######.####
...........###..
#.............
#........#
#...g...)#
#>.......#
#...@....#
#........#
##########


You could see a gnoll.

Vanquished Creatures
  3 adders (D:2)
  3 gnolls
  An ooze (D:1)
  A worm (D:2)
  A leopard gecko (D:2)
  2 orcs (D:2)
  4 bats
  A giant cockroach (D:1)
  5 goblins
  4 hobgoblins
  A quokka (D:2)
  6 frilled lizards
  5 kobolds
  4 rats
41 creatures vanquished.

Notes
Turn   | Place    | Note
-------+----------+-------------------------------------------
     0 | Abyss:1  | anfisbena the Demonspawn Abyssal Knight began the quest for the Orb.
     0 | Abyss:1  | Reached XP level 1. HP: 18/18 MP: 2/2
    60 | Abyss:1  | Noticed an apocalypse crab
    63 | Abyss:1  | Found a shimmering altar of Xom.
    71 | Abyss:1  | Noticed a smoke demon
    75 | D:1      | Escaped the Abyss
   271 | D:1      | Reached skill level 2 in Polearms
   488 | D:1      | Found a sparkling altar of Nemelex Xobeh.
   576 | D:1      | Reached * piety under Lugonu
   576 | D:1      | Gained mutation: You have a pair of small antennae on your head. [demonic ancestry]
   576 | D:1      | Reached XP level 2. HP: 19/24 MP: 3/3
  1079 | D:2      | Reached skill level 3 in Polearms
  1204 | D:2      | Reached XP level 3. HP: 11/29 MP: 4/4
  2027 | D:2      | Gained mutation: You are partially covered in icy blue scales. (AC +2) [demonic ancestry]
  2027 | D:2      | Reached XP level 4. HP: 35/35 MP: 5/5
  2172 | D:2      | Reached skill level 4 in Polearms
  2177 | D:2      | Found a shimmering altar of Xom.
  2826 | D:3      | Mangled by a gnoll

Skill      XL: |  1  2  3  4 |
---------------+-------------+-----
Polearms       | 2 3 4 |  4.3
Fighting       | |  3.0
Armour         | |  1.7
Dodging        | |  0.8
Invocations    | |  2.4

Action                   |  1- 3 |  4- 6 || total
-------------------------+-------+-------++-------
Melee: Spear             |   143 |    41 ||   184
Invok: Depart the Abyss  |     1 |       ||     1
  Eat: Chunk             |     4 |     2 ||     6
Armor: Leather armour    |    43 |     3 ||    46
Dodge: Dodged            |    92 |    18 ||   110
Block: Shield            |       |     2 ||     2
